 Dungeon Crawl Stone Soup version 0.30-a0-702-gdf48620a09 (webtiles) character file.

Game seed: 1334608162049321441

23636 KennySheep the Arsonist (level 12, -17/105 HPs)
             Began as a Deep Elf Fire Elementalist on Jan 22, 2023.
             Was a High Priest of Vehumet.
             Demolished by a komodo dragon (27 damage)
             ... on level 4 of the Lair of Beasts.
             The game lasted 00:49:10 (14232 turns).

KennySheep the Arsonist (DEFE)                     Turns: 14232, Time: 00:49:11

Health: -17/105    AC:  7    Str: 13    XL:     12   Next: 73%
Magic:  15/29      EV: 14    Int: 24    God:    Vehumet [*****.]
Gold:   742        SH:  0    Dex: 15    Spells: 7/33 levels left

rFire   . . .      SeeInvis .    a - +4 scythe (distort)
rCold   . . .      Faith    .    (shield currently unavailable)
rNeg    . . .      Spirit   .    D - +0 acid dragon scales
rPois   +          Reflect  .    (no helmet)
rElec   .          Harm     .    (no cloak)
rCorr   +          Rampage  .    (no gloves)
Will    +....                    (no boots) Stlth
                                 (no amulet)
HPRegen 0.37/turn                J - +6 ring of strength
MPRegen 0.21/turn                d - ring of poison resistance

@: berserking, very quick
A: no striking features
a: Renounce Religion


You were on level 4 of the Lair of Beasts.
You worshipped Vehumet.
Vehumet was extremely pleased with you.
You visited 3 branches of the dungeon, and saw 16 of its levels.

You collected 772 gold pieces.
You spent 30 gold pieces at shops.

Inventory:

Hand Weapons
 a - a +4 scythe of distortion (weapon)
Armour
 h - a +0 troll leather armour
 j - a +2 robe of cold resistance
 l - a +0 robe
 m - a +2 robe of willpower
 D - +0 acid dragon scales (worn)
Jewellery
 d - a ring of poison resistance (right hand)
 f - a ring of flight
 H - a ring of ice
 J - a +6 ring of strength (left hand)
 K - an amulet of faith
 N - a ring of ice
Wands
 o - a wand of iceblast (22)
 v - a wand of polymorph (6)
 A - a wand of light (4)
 F - a wand of paralysis (20)
 M - a wand of flame (3)
Scrolls
 i - 2 scrolls of vulnerability
 q - 3 scrolls of amnesia
 r - 5 scrolls of teleportation
 t - a scroll of acquirement
 x - 2 scrolls of torment
 y - a scroll of magic mapping
 B - a scroll of silence
 L - 2 scrolls of enchant weapon
 R - a scroll of poison
 U - a scroll of fog
Potions
 e - 3 potions of resistance
 g - a potion of heal wounds {unknown}
 k - 2 potions of attraction
 n - a potion of haste {unknown}
 s - 2 potions of might
 u - 9 potions of curing
 w - 2 potions of lignification
 z - 5 potions of flight
 C - 4 potions of mutation
 E - 2 potions of ambrosia
 G - a potion of brilliance {unknown}
 O - a potion of invisibility
 P - a potion of degeneration
Miscellaneous
 Q - a phantom mirror
 T - a condenser vane


   Skills:
 + Level 6.3 Fighting
 * Level 6.7 Polearms
 + Level 4.7 Armour
 + Level 7.5 Dodging
 - Level 2.4 Stealth
 + Level 11.0 Spellcasting
 - Level 10.7 Conjurations
 - Level 3.7 Translocations
 - Level 11.2 Fire Magic


You had 7 spell levels left.
You knew the following spells:

 Your Spells              Type           Power      Damage    Failure   Level
a - Foxfire               Conj/Fire      100%       2x1d9     1%          1
b - Scorch                Fire           100%       2d10      1%          2
c - Flame Wave            Conj/Fire      60%        2d14      1%          4
d - Iskenderun's Mystic   Conj/Tloc      48%        2d11      1%          4
e - Starburst             Conj/Fire      30%        6d9       3%          6
f - Fireball              Conj/Fire      30%        3d13      1%          5
g - Sticky Flame          Conj/Fire      60%        2d8       1%          4

Your spell library contained the following spells:

 Spells                   Type           Power      Damage    Failure   Level
 Dazzling Flash           Conj/Hex       78%        N/A       1%          3
 Hailstorm                Conj/Ice       39%        3d9       1%          3
 Inner Flame              Hex/Fire       40%        N/A       1%          3
 Kindle Blastsparks       Fire/Tloc/Air  74%        2d16      1%          3
 Irradiate                Conj/Tmut      19%        3d18      5%          5
 Sublimation of Blood     Necr           13%        N/A       10%         2
 Ice Form                 Ice/Tmut       13%        N/A       54%         4
 Petrify                  Tmut/Erth      13%        N/A       54%         4
 Simulacrum               Ice/Necr       6%         N/A       100%        6
 Summon Cactus Giant      Summ           6%         N/A       100%        6


Dungeon Overview and Level Annotations

Branches:
Dungeon (11/15)            Temple (1/1) D:4            Lair (4/5) D:10
 Shoals (0/4) Lair:3       Spider (0/4) Lair:3
  Slime: Lair:4-5       Orc: D:9-12

Altars:
Ashenzari
Cheibriados
Dithmenos
Elyvilon
Fedhas
Gozag
Hepliaklqana
Kikubaaqudgha
Makhleb
Nemelex Xobeh
Okawaru
Qazlal
Ru
Sif Muna
Trog
Uskayaw
Vehumet
Wu Jian
Xom
Yredelemnul
Zin
The Shining One

Shops:
D:4 (   D:7 *   D:10 [


Message History

The komodo dragon hisses angrily.
The wolf howls! x2
Okay, then.
As you read the scroll of fear, it crumbles to dust.
You assume a fearsome visage.
The komodo dragon looks frightened!
The wolf looks frightened! x4
Found a scroll of identify.
A cane toad comes into view.
You start resting.
A komodo dragon is nearby!
You reach to attack!
You barely miss the komodo dragon. The komodo dragon closely misses you.
You hit the komodo dragon but do no damage.
The komodo dragon blinks!
You reach to attack!
You hit the komodo dragon.
The komodo dragon is lightly wounded.
You barely miss the komodo dragon.
The komodo dragon is lightly wounded.
The komodo dragon bites you!
You barely miss the komodo dragon.
The komodo dragon is lightly wounded.
The komodo dragon bites you.
You barely miss the komodo dragon.
The komodo dragon is lightly wounded.
The komodo dragon bites you!!
* * * LOW HITPOINT WARNING * * *
A red film seems to cover your vision as you go berserk!
You feel yourself moving faster!
You feel mighty!
The komodo dragon bites you but does no damage.
You barely miss the komodo dragon.
The komodo dragon is lightly wounded.
The komodo dragon bites you.
* * * LOW HITPOINT WARNING * * *
You closely miss the komodo dragon.
The komodo dragon is lightly wounded.
The komodo dragon bites you.
* * * LOW HITPOINT WARNING * * *
You closely miss the komodo dragon.
The komodo dragon is lightly wounded.
The komodo dragon bites you!!
You die...

#.........#PP..P##
#.................
#................
#...........l...#
#................
#............#.##
##..........P..##
#................
#@l.............~~
##..............~~
#...............~~
#...............~
##..............
#.............
#.^........?.
#...........
............


You could see a komodo dragon.

Vanquished Creatures
  Fannar (Lair:1)
  A hydra (Lair:4)
  2 two-headed ogres (D:10)
  5 elephants
  A black mamba (Lair:3)
  4 cane toads
  6 komodo dragons
  A rime drake (Lair:2)
  A hornet (D:9)
  13 blink frogs
  Prince Ribbit (D:5)
  4 dream sheep (Lair:3)
  Sigmund (D:3)
  A wraith (D:10)
  A vampire (D:9)
  A shadow (D:11)
  2 wyverns (Lair:1)
  2 basilisks
  3 steam dragons
  25 yaks
  5 water moccasins
  An acid dragon (D:10)
  3 black bears
  3 ice beasts
  3 orc warriors
  3 sky beasts
  3 ogres (D:6)
  10 wolves
  6 centaurs
  A kobold brigand (D:8)
  13 bullfrogs
  4 necrophages
  3 gnoll sergeants
  3 scorpions
  7 wights (D:9)
  20 killer bees
  A howler monkey (D:5)
  5 hounds
  3 jellies
  4 orc priests
  A gnoll bouda (D:8)
  4 iguanas
  Natasha (thrice) (D:3)
  5 orc wizards
  Terence (D:3)
  8 adders
  15 gnolls
  A shadow imp (D:7)
  5 white imps
  4 ufetubi
  2 worms
  3 dart slugs
  22 orcs
  4 ball pythons
  2 bats (D:1)
  7 endoplasms
  3 giant cockroaches
  3 goblins
  5 hobgoblins
  A quokka (D:5)
  2 frilled lizards (D:2)
  8 kobolds
  6 rats
292 creatures vanquished.

Vanquished Creatures (others)
  A gnoll (D:9)
  585 foxfires
  16 fungi
  76 plants
678 creatures vanquished.

Grand Total: 970 creatures vanquished

Notes
Turn   | Place    | Note
-------+----------+-------------------------------------------
     0 | D:1      | KennySheep the Deep Elf Fire Elementalist began the quest
                  | for the Orb.
     0 | D:1      | Reached XP level 1. HP: 10/10 MP: 6/6
   442 | D:1      | Reached XP level 2. HP: 10/15 MP: 2/8
  1508 | D:2      | Reached XP level 3. HP: 12/19 MP: 4/9
  2023 | D:3      | Noticed Sigmund
  2045 | D:3      | Reached XP level 4. HP: 9/24 MP: 0/11
  2297 | D:3      | Killed Sigmund
  2298 | D:3      | Reached skill level 5 in Fire Magic
  2298 | D:3      | Reached XP level 5. HP: 24/28 MP: 1/13
  2315 | D:3      | Learned a level 2 spell: Scorch
  2456 | D:3      | Found a stormy altar of Qazlal.
  2468 | D:3      | Noticed Terence
  2472 | D:3      | Killed Terence
  2473 | D:3      | Reached XP level 6. HP: 32/32 MP: 9/14
  2485 | D:3      | Learned a level 4 spell: Flame Wave
  2803 | D:3      | Noticed Natasha
  2812 | D:3      | Killed Natasha
  2844 | D:3      | Found a hide-covered altar of Uskayaw.
  2863 | D:3      | Noticed Natasha
  2867 | D:3      | Killed Natasha
  2956 | D:3      | Noticed Natasha
  2965 | D:3      | Killed Natasha
  3085 | D:4      | You fall into a shaft and drop 1 floor!
  3085 | D:5      | Entered Level 5 of the Dungeon
  3205 | D:5      | Noticed Prince Ribbit
  3209 | D:5      | Killed Prince Ribbit
  3210 | D:5      | Reached skill level 1 in Fighting
  3210 | D:5      | Reached skill level 1 in Polearms
  3210 | D:5      | Reached skill level 5 in Spellcasting
  3210 | D:5      | Reached skill level 5 in Conjurations
  3210 | D:5      | Reached XP level 7. HP: 23/38 MP: 10/16
  4150 | D:4      | Reached XP level 8. HP: 24/44 MP: 12/18
  4248 | D:4      | Found Etaolaorr's Weapon Boutique.
  4410 | D:4      | Learned a level 4 spell: Iskenderun's Mystic Blast
  4417 | D:4      | Learned a level 6 spell: Starburst
  4507 | D:4      | Found a staircase to the Ecumenical Temple.
  4512 | Temple   | Entered the Ecumenical Temple
  4604 | Temple   | Became a worshipper of Vehumet
  5340 | D:6      | Identified the +4 ring mail "Ipeixac" {Str+4 Int-3}
  5641 | D:6      | Reached * piety under Vehumet
  5641 | D:6      | Offered knowledge of Magic Dart by Vehumet.
  5642 | D:6      | Reached skill level 1 in Translocations
  5937 | D:7      | Reached XP level 9. HP: 49/49 MP: 21/21
  5959 | D:7      | Found Bosiqysm's General Store.
  5967 | D:7      | Bought a scroll of identify for 30 gold pieces
  6727 | D:7      | Noticed a troll
  6930 | D:8      | Offered knowledge of Freeze by Vehumet.
  6936 | D:8      | Reached ** piety under Vehumet
  6991 | D:8      | Found a broken altar of Ashenzari.
  6991 | D:8      | Found an ornate altar of the Wu Jian Council.
  7093 | D:8      | Reached XP level 10. HP: 38/56 MP: 18/23
  7647 | D:9      | Offered knowledge of Searing Ray by Vehumet.
  7945 | D:9      | Reached skill level 1 in Armour
  7946 | D:9      | Identified a scroll of acquirement
  8151 | D:9      | Reached *** piety under Vehumet
  8497 | D:10     | Entered Level 10 of the Dungeon
  8773 | D:10     | Offered knowledge of Ignite Poison by Vehumet.
  8983 | D:10     | Noticed a two-headed ogre
  8992 | D:10     | Killed a two-headed ogre
  8993 | D:10     | Reached skill level 10 in Fire Magic
  9071 | D:10     | Noticed a two-headed ogre
  9080 | D:10     | Killed a two-headed ogre
  9120 | D:10     | Reached XP level 11. HP: 37/62 MP: 8/25
  9359 | D:10     | Found Poef's Superior Scales.
  9440 | D:10     | Reached skill level 10 in Conjurations
  9742 | D:10     | Found a staircase to the Lair.
 10225 | D:11     | Noticed a boulder beetle
 10474 | Lair:1   | Entered Level 1 of the Lair of Beasts
 11074 | Lair:1   | Noticed Fannar
 11079 | Lair:1   | Killed Fannar
 11080 | Lair:1   | Reached skill level 5 in Dodging
 11187 | Lair:1   | Reached **** piety under Vehumet
 11626 | Lair:2   | Reached skill level 5 in Fighting
 11637 | Lair:2   | Offered knowledge of Fireball by Vehumet.
 11646 | Lair:1   | Learned a level 5 spell: Fireball
 12426 | Lair:2   | Reached skill level 5 in Polearms
 12888 | Lair:3   | Reached XP level 12. HP: 63/68 MP: 18/27
 13034 | Lair:3   | Reached skill level 10 in Spellcasting
 13347 | Lair:3   | Reached ***** piety under Vehumet
 13349 | Lair:3   | Offered knowledge of Sticky Flame by Vehumet.
 13361 | Lair:2   | Learned a level 4 spell: Sticky Flame
 13655 | Lair:3   | Found a staircase to the Shoals.
 13794 | Lair:3   | Found a hole to the Spider Nest.
 14165 | Lair:4   | Noticed a seven-headed hydra
 14177 | Lair:4   | Killed a seven-headed hydra
 14232 | Lair:4   | Demolished by a komodo dragon

Illustrated notes

Levels and vault maps discovered:
D:1:      saegor_arrival_miasma, layout_loops_corners, minmay_misc_feat_pillars
D:2:      layout_loops_ring, grunt_decor_clamped, minmay_domino_2
D:3:      layout_rooms, mainiacjoe_overflow_large_starburst, uniq_sigmund,
          uniq_natasha, uniq_terence
D:4:      layout_gridville, temple_doors_ab, serial_shops, nicolae_shop_crystal
D:5:      layout_cave_pools, uniq_prince_ribbit1
D:6:      layout_gridville, st_stairs_11, minmay_puff
D:7:      layout_basic, serial_shops, nicolae_stop_n_shop_2, nzn_random_ring
D:8:      layout_basic, gammafunk_temple_overflow_wave
D:9:      layout_rooms, nicolae_underground_beach
D:10:     layout_loops_ring, david_lair_shrubbed, hellmonk_scale_shop
D:11:     layout_cross, gammafunk_ghost_smash, nicolae_uskayaw_suspiria
Temple:   regret_index_temple_mists
Lair:1:   layout_regular_city, uniq_fannar
Lair:2:   layout_roguey
Lair:3:   layout_misc_corridors, minmay_shoals_entry_centaurs,
          spider_nest_entry_web_field
Lair:4:   layout_gridlike, infiniplex_staircase_pool

Skill      XL: |  1  2  3  4  5  6  7  8  9 10 11 12 |
---------------+-------------------------------------+-----
Conjurations   | 2 4 5 7 8 9 10 | 10.7
Fire Magic     | 4 5 6 8 9 10 11 | 11.2
Spellcasting   | 4 5 6 7 8 9 11 | 11.0
Fighting       | 1 2 3 4 5 6 |  6.3
Polearms       | 1 2 3 4 5 6 |  6.7
Translocations | 1 3 |  3.7
Armour         | 2 3 4 |  4.7
Dodging        | 4 6 7 |  7.5
Stealth        | |  2.4

Action                   |  1- 3 |  4- 6 |  7- 9 | 10-12 || total
-------------------------+-------+-------+-------+-------++-------
Melee: Halberd           |       |     9 |    72 |   140 ||   221
 Cast: Foxfire           |    68 |    76 |   135 |    72 ||   351
       Scorch            |       |     1 |     8 |    41 ||    50
       Flame Wave        |       |       |     9 |    35 ||    44
       Starburst         |       |       |       |    27 ||    27
       Fireball          |       |       |       |    35 ||    35
       Iskenderun's Myst |       |       |       |     3 ||     3
       Sticky Flame      |       |       |       |     3 ||     3
  Use: Potion            |     3 |       |     3 |     5 ||    11
       Scroll            |       |     2 |    11 |    11 ||    24
 Stab: Sleeping          |       |     2 |     5 |       ||     7
Armor: Robe              |     5 |     4 |     3 |       ||    12
       Acid dragon scale |       |       |    23 |    47 ||    70
Dodge: Dodged            |    32 |    10 |    47 |   140 ||   229

Table legend: (Time is in decaauts)
 A = Elapsed time spent in this place.
 B = Non-inter-level travel time spent in this place.
 C = Inter-level travel time spent in this place.
 D = Time resting spent in this place.
 E = Time spent auto-exploring this place.
 F = Levels seen in this place.
 G = Mean time per level.
                   A        B        C        D        E       F      G
               +--------+--------+--------+--------+--------+-----+--------+
         Total |  14368 |  13834 |    534 |   2846 |   8786 |  16 |  898.0 |
       Dungeon |  10429 |  10043 |    386 |   1955 |   6424 |  11 |  948.1 |
        Temple |    146 |    122 |     24 |      0 |     94 |   1 |  146.0 |
          Lair |   3792 |   3668 |    124 |    890 |   2267 |   4 |  948.0 |
               +--------+--------+--------+--------+--------+-----+--------+

Top non-repeatable levels by time:
    D:10: 1802 daAuts
  Lair:2: 1632 daAuts
  Lair:1: 1283 daAuts
     D:2: 1122 daAuts
     D:7: 1119 daAuts
     D:1: 1083 daAuts
     D:4: 903 daAuts
     D:5: 902 daAuts
     D:3: 868 daAuts
     D:6: 841 daAuts
     D:8: 818 daAuts
  Lair:3: 803 daAuts
     D:9: 772 daAuts
    D:11: 194 daAuts
  Temple: 146 daAuts
